AoeStats
← Redwings10k

Arabia

505706131Analyzed
3v3 RM · 23d ago on Sep 10, 2026· 37m 0s· 6 players
Game mode
Random Map
Map size
Normal (6 player)
Population
200
Speed
Normal
Resources
Standard
Victory
Conquest
Starting age
Dark Age
Ending age
Imperial Age
RankedLock teamsTeams togetherTeam positionsShared explorationLock speedFull tech treeHidden civsTurbo modeCheats
Victory
Defeat
🇨🇭 Cumans · Switzerland
1428
+11
🇨🇭 Burmese · Switzerland
1408
+12
🇨🇭 Turks · Switzerland
1272
+18
🇫🇮 Berbers · Finland
1371
-16
🇫🇮 Magyars · Finland
1329
-14
🇫🇮 Bohemians · Finland
1259
-11
Redwings10k
7:32 Loom
10:10 Feudal Age
11:13 Double-Bit Axe
11:10 Horse Collar
20:41 Castle Age
20:05 Gold Mining
20:50 Bloodlines
20:55 Scale Barding Armor
21:25 Husbandry
24:15 Wheelbarrow
25:41 Chain Barding Armor
26:08 Town Watch
27:56 Hand Cart
28:09 Pikeman
32:41 Fletching
37:53 Imperial Age
36:17 Corvinian Army
36:18 Bodkin Arrow
piineri
8:46 Loom
10:48 Feudal Age
14:45 Scale Barding Armor
19:40 Double-Bit Axe
23:52 Castle Age
23:35 Horse Collar
26:17 Heavy Plow
26:29 Bow Saw
27:11 Scale Mail Armor
27:22 Forging
26:36 Pikeman
28:00 Wheelbarrow
27:35 Squires
29:46 Forging
32:02 Iron Casting
32:08 Town Watch
35:11 Chain Mail Armor
36:06 Hand Cart
freckles_and_rainbows
6:45 Loom
9:11 Feudal Age
10:11 Double-Bit Axe
12:11 Town Watch
22:28 Castle Age
20:53 Horse Collar
24:44 Wheelbarrow
33:04 Bow Saw
36:03 Gold Mining
36:38 Fletching
betterave
6:40 Loom
8:46 Feudal Age
9:27 Double-Bit Axe
9:23 Horse Collar
20:47 Wheelbarrow
23:17 Castle Age
22:00 Gold Mining
22:31 Bloodlines
22:27 Scale Barding Armor
23:57 Forging
25:17 Chain Barding Armor
28:35 Iron Casting
30:19 Hand Cart
30:10 Town Watch
31:10 Stone Mining
36:23 Imperial Age
34:32 Town Patrol
35:58 Fletching
36:24 Elite Steppe Lancer
37:59 Plate Barding Armor
Fenouil
7:33 Loom
9:59 Feudal Age
10:22 Man-at-Arms
13:38 Arson
18:57 Scale Mail Armor
19:07 Forging
21:01 Horse Collar
24:02 Wheelbarrow
27:24 Castle Age
27:35 Long Swordsman
28:53 Iron Casting
28:33 Chain Mail Armor
29:17 Gambesons
29:33 Squires
Panais
6:01 Loom
9:05 Feudal Age
14:14 Scale Barding Armor
14:46 Double-Bit Axe
17:17 Bloodlines
19:02 Wheelbarrow
19:55 Forging
22:41 Castle Age
23:36 Bow Saw
24:08 Chain Barding Armor
24:26 Husbandry
25:32 Hand Cart
26:47 Iron Casting
33:19 Fletching
33:56 Bodkin Arrow
35:15 Padded Archer Armor
Connection lost

Rejoining the realm…

Still unreachable

The connection could not be restored.

Session expired

The server has moved on; the page needs a fresh start.